Map: Orbital Shipyard

Players

Miszu - Winner!

  • Race: Terran Terran
  • League: Grandmaster

goblin

  • Race: Protoss Protoss
  • League: Master

VOD

Have the link to the VOD?

Description

Time

  • Played on: Feb. 13, 2016, 10:59 a.m.
  • Length: 14:03
Show
View Real Time Build Order
Export as new Build Order

Miszu Terran - Winner!

Build Orders: Command Center First (CC), MMM Bio 

Get SALT Encoding   

  12  0:00  SCV  
  13  0:13  SCV  
  14  0:20  Supply Depot  
  14  0:25  SCV  
  15  0:42  SCV  
  16  0:54  SCV  
  17  1:00  Command Center  
  17  1:06  SCV  
  18  1:13  Barracks  
  18  1:18  SCV  
  19  1:30  SCV  
  19  1:32  Barracks  
  20  1:42  SCV  
  20  1:45  Barracks  
  21  2:00  Marine, Orbital Command  
  22  2:12  Orbital Command  
  22  2:19  Marine  
  22  2:20  Marine  
  24  2:26  SCV  
  25  2:32  Marine  
  25  2:34  Refinery  
  25  2:36  Refinery  
  26  2:37  SCV  
  26  2:39  Marine x2  
  26  2:41  SCV  
  30  2:48  Supply Depot  
  30  2:50  Marine, SCV  
  32  2:53  SCV  
  33  3:01  Marine  
  33  3:02  SCV  
  36  3:05  SCV  
  36  3:06  Barracks Tech Lab  
  36  3:11  Supply Depot, Barracks Tech Lab  
  36  3:14  SCV  
  36  3:18  SCV  
  36  3:19  Marine  
  39  3:20  Marine  
  39  3:24  Marine  
  39  3:26  SCV, Stimpack  
  42  3:30  SCV  
  42  3:32  Supply Depot  
  43  3:37  Marine  
  43  3:38  SCV  
  45  3:42  SCV  
  45  3:46  Marine x2  
  45  3:47  Engineering Bay  
  48  3:50  SCV  
  48  3:51  Factory  
  48  3:54  SCV  
  50  3:55  Supply Depot, Marine  
  50  4:02  SCV  
  52  4:04  Marine  
  52  4:06  SCV  
  52  4:09  Refinery  
  54  4:11  Marine  
  54  4:14  SCV  
  54  4:15  Terran Infantry Weapons Level 1  
  56  4:18  SCV  
  56  4:19  Supply Depot  
  56  4:22  Missile Turret  
  57  4:26  Missile Turret  
  57  4:27  Marine  
  57  4:29  SCV  
  59  4:33  SCV  
  60  4:39  Starport, Factory Reactor  
  60  4:41  Supply Depot  
  60  4:46  Marine  
  60  4:47  Marine  
  60  4:48  SCV  
  60  4:50  SCV  
  65  4:56  Marauder  
  66  5:00  SCV  
  66  5:02  SCV  
  66  5:04  Supply Depot, Marine  
  66  5:05  Marine  
  70  5:18  Marauder  
  70  5:20  SCV  
  73  5:22  Marine x2, SCV  
  73  5:24  Medivac x2  
  73  5:27  Combat Shields  
  80  5:32  SCV  
  82  5:35  SCV  
  82  5:38  Refinery, Marine  
  82  5:39  Supply Depot  
  84  5:44  SCV, Missile Turret  
  84  5:48  Command Center  
  85  5:50  Barracks Reactor, Barracks Tech Lab  
  85  5:56  Barracks, SCV x2  
  88  5:57  Barracks, Marauder  
  88  6:02  Supply Depot  
  88  6:08  SCV  
  88  6:10  Marauder  
  88  6:11  Medivac x2  
  95  6:12  Concussive Shells  
  95  6:14  Terran Infantry Armor Level 1  
  95  6:15  SCV  
  96  6:20  SCV  
  96  6:23  Liberator  
  97  6:27  SCV  
  97  6:28  Supply Depot  
  97  6:31  Supply Depot  
  98  6:33  Marine x2  
  98  6:34  Marauder x2  
  104  6:42  Liberator  
  107  6:47  Missile Turret  
  105  6:54  SCV x2  
  105  6:59  Barracks Reactor, Barracks Tech Lab  
  111  7:02  Orbital Command  
  111  7:03  Refinery  
  111  7:06  Liberator, SCV x2  
  112  7:13  Supply Depot  
  112  7:18  SCV x2  
  112  7:19  Marine, Marauder x2  
  119  7:28  Refinery  
  122  7:30  SCV  
  122  7:31  SCV  
  122  7:33  SCV, Liberator  
  122  7:36  Starport  
  125  7:37  Supply Depot  
  125  7:40  Supply Depot  
  125  7:43  SCV x2  
  127  7:45  SCV  
  127  7:49  Fusion Core  
  131  7:53  Liberator  
  131  7:55  SCV x2  
  131  7:57  SCV  
  134  8:00  Supply Depot  
  134  8:02  Supply Depot  
  134  8:12  Marine x3, Marauder x3  
  144  8:13  Starport Tech Lab  
  144  8:19  Supply Depot, Liberator  
  144  8:24  Engineering Bay  
  144  8:25  Supply Depot, Armory  
  144  8:32  Liberator  
  143  8:36  Advanced Ballistics, Marauder  
  148  8:42  Supply Depot  
  148  8:45  Marine  
  148  8:46  Marine x4, Marauder  
  148  8:47  Supply Depot  
  158  8:56  Marine  
  158  8:58  Liberator  
  158  9:02  Command Center  
  159  9:03  Marine x5  
  159  9:07  Marauder  
  159  9:09  Liberator  
  166  9:14  Marine  
  166  9:15  Liberator  
  172  9:34  Marine  
  172  9:35  Marine x3, Marauder  
  181  9:41  Liberator  
  181  9:48  Marine, Marauder  
  181  9:51  Terran Infantry Armor Level 2, Terran Infantry Weapons Level 2  
  181  9:52  Marine  
  183  9:53  Marine x3  
  183  9:56  Marine  
  85  10:00  Liberator  
  189  10:05  Marine  
  190  10:09  Marine, Liberator  
  190  10:10  Marine  
  190  10:11  Marine x3  
  178  10:14  Marauder  
  146  10:23  Marine  
  146  10:24  Liberator  
  146  10:27  Marine  
  146  10:28  Marine x3  
  132  10:29  Marine  
  132  10:35  Marine  
  131  10:38  Barracks  
  131  10:39  Barracks x2  
  131  10:41  Marine  
  131  10:42  Liberator  
  135  10:45  Marine  
  135  10:46  Marine x4  
  140  10:53  Marine  
  141  10:59  Marine  
  141  11:02  Planetary Fortress  
  141  11:04  Marine x4, Marauder  
  148  11:05  Liberator  
  148  11:06  Liberator  
  148  11:11  Marine  
  152  11:17  Marine  
  153  11:19  Refinery  
  153  11:21  Marine  
  153  11:22  Marine x3  
  153  11:25  Liberator  
  162  11:27  SCV  
  162  11:28  Marine, SCV  
  162  11:29  Refinery  
  163  11:35  Missile Turret  
  163  11:38  Command Center  
  163  11:42  Barracks Tech Lab  
  163  11:43  Barracks Tech Lab  
  163  11:44  Barracks Reactor  
  166  11:48  Ghost Academy, Liberator  
  166  11:49  Liberator  
  166  11:53  Marauder  
  168  11:54  Marauder  
  168  11:55  Marine  
  168  11:56  Marine  
  172  12:08  Liberator  
  174  12:31  Liberator  
  174  12:32  Liberator  
  166  12:41  Marine x3, Marauder x5  
  166  12:42  Marine x3  
  159  12:51  Liberator  
  154  12:59  Marine x6  
  154  13:02  Marine x4, Marauder  
  169  13:17  Marine x5  
  174  13:21  Marauder x2  
  174  13:26  Marine  
  181  13:27  Marauder  
  181  13:31  Marine  
  181  13:32  Viking, Marauder  
  189  13:34  Marine  
  190  13:42  Marauder  
Show
View Real Time Build Order
Export as new Build Order

goblin Protoss 

Build Orders: 1 Gate Expand, Oracle Opening, Phoenix Opening 

Get SALT Encoding   

  12  0:01  Probe (Chrono Boost)  
  13  0:12  Probe (Chrono Boost)  
  14  0:18  Pylon  
  14  0:22  Probe (Chrono Boost)  
  15  0:36  Probe (Chrono Boost)  
  15  0:38  Gateway  
  15  0:42  Assimilator  
  16  0:47  Probe (Chrono Boost)  
  17  0:57  Probe (Chrono Boost)  
  18  1:08  Probe (Chrono Boost)  
  19  1:18  Nexus  
  19  1:22  Probe (Chrono Boost)  
  20  1:32  Probe (Chrono Boost)  
  21  1:34  Cybernetics Core  
  21  1:42  Assimilator  
  21  1:43  Probe (Chrono Boost)  
  22  1:49  Pylon  
  22  1:54  Probe (Chrono Boost)  
  23  2:07  Probe (Chrono Boost)  
  24  2:11  Warp Gate  
  24  2:18  Probe (Chrono Boost)  
  25  2:28  Stargate, Probe (Chrono Boost)  
  26  2:31  Probe (Chrono Boost)  
  27  2:39  Probe (Chrono Boost)  
  27  2:41  Probe (Chrono Boost)  
  29  2:49  Probe (Chrono Boost)  
  30  2:52  Mothership Core (Chrono Boost)  
  32  3:00  Probe (Chrono Boost)  
  32  3:02  Nexus  
  33  3:10  Probe (Chrono Boost)  
  33  3:12  Oracle, Probe (Chrono Boost)  
  38  3:21  Probe (Chrono Boost)  
  38  3:23  Probe (Chrono Boost)  
  40  3:29  Gateway  
  40  3:30  Gateway  
  40  3:36  Probe (Chrono Boost)  
  40  3:37  Probe (Chrono Boost)  
  42  3:43  Pylon  
  42  3:47  Probe x2 (Chrono Boost)  
  44  3:57  Phoenix, Assimilator  
  44  3:59  Assimilator  
  44  4:02  Probe x2 (Chrono Boost)  
  48  4:05  Pylon  
  48  4:13  Probe x2 (Chrono Boost)  
  48  4:15  Pylon, Probe (Chrono Boost)  
  51  4:23  Probe (Chrono Boost)  
  52  4:24  Phoenix  
  54  4:32  Probe x2 (Chrono Boost)  
  54  4:33  Twilight Council  
  54  4:35  Robotics Facility  
  57  4:38  Probe (Chrono Boost)  
  57  4:43  Probe (Chrono Boost)  
  58  4:52  Phoenix, Probe x2 (Chrono Boost)  
  62  4:54  Adept x3  
  68  5:00  Probe (Chrono Boost)  
  68  5:02  Probe x2 (Chrono Boost)  
  68  5:05  Pylon  
  71  5:14  Probe x3 (Chrono Boost)  
  74  5:20  Gateway x2  
  74  5:24  Probe (Chrono Boost)  
  74  5:25  Resonating Glaives  
  75  5:30  Phoenix  
  75  5:32  Observer  
  78  5:45  Forge  
  78  5:47  Forge  
  78  5:48  Probe x2 (Chrono Boost)  
  78  5:49  Gateway, Probe (Chrono Boost)  
  81  5:50  Gateway  
  81  5:52  Gateway  
  81  5:53  Observer, Pylon  
  82  5:59  Probe (Chrono Boost)  
  83  6:05  Adept x2  
  83  6:06  Adept  
  89  6:15  Immortal (Chrono Boost)  
  89  6:16  Protoss Ground Weapons Level 1 (Chrono Boost)  
  93  6:20  Adept x2, Protoss Ground Armor Level 1 (Chrono Boost)  
  97  6:26  Probe x2  
  97  6:28  Assimilator  
  97  6:29  Adept, Assimilator  
  101  6:34  Pylon  
  101  6:35  Pylon x2  
  101  6:38  Pylon  
  101  6:44  Pylon  
  101  6:52  Probe x2  
  103  6:58  Immortal  
  107  7:06  Robotics Bay  
  107  7:08  Robotics Facility  
  102  7:09  Pylon  
  102  7:14  Phoenix  
  104  7:20  Adept x7  
  104  7:21  Adept  
  120  7:34  Templar Archives  
  120  7:37  Observer  
  120  7:38  Pylon  
  120  7:39  Phoenix  
  123  7:54  Nexus  
  123  7:56  Colossus (Chrono Boost)  
  123  7:57  Pylon  
  123  7:58  Colossus (Chrono Boost)  
  129  7:59  Extended Thermal Lance  
  132  8:11  Protoss Ground Weapons Level 2 (Chrono Boost)  
  132  8:18  Protoss Ground Armor Level 2 (Chrono Boost)  
  132  8:25  Assimilator  
  132  8:28  Assimilator  
  132  8:29  Pylon  
  132  8:33  Pylon  
  132  8:35  Charge  
  132  8:37  Adept x3  
  138  8:49  Colossus (Chrono Boost)  
  138  8:52  Pylon  
  144  8:56  Gateway, Pylon  
  144  8:59  Photon Cannon  
  144  9:01  Gateway  
  144  9:04  Immortal (Chrono Boost)  
  144  9:05  Stalker x3  
  144  9:06  Zealot x3  
  144  9:08  Stalker  
  162  9:10  Zealot  
  162  9:13  Phoenix  
  166  9:33  Stalker x3  
  166  9:34  Stalker  
  166  9:38  Phoenix  
  176  9:49  Colossus (Chrono Boost)  
  182  9:59  Adept x3  
  188  10:00  Zealot x4  
  188  10:05  Stalker  
  160  10:17  Colossus (Chrono Boost)  
  160  10:18  Stalker x2  
  116  10:32  Colossus (Chrono Boost)  
  120  10:37  Probe  
  120  10:39  Probe x3  
  124  10:47  Zealot  
  126  10:54  Zealot x3  
  126  10:57  Colossus (Chrono Boost)  
  132  10:59  Protoss Ground Weapons Level 3 (Chrono Boost)  
  132  11:00  Protoss Ground Armor Level 3 (Chrono Boost)  
  138  11:13  Zealot, Assimilator  
  138  11:15  Pylon  
  140  11:18  Immortal  
  142  11:36  Phoenix  
  144  11:40  Stargate, Probe x2  
  146  11:47  High Templar  
  146  11:48  High Templar  
  146  11:49  Zealot x3  
  146  11:50  Colossus, Zealot x5  
  146  11:53  Immortal  
  166  11:54  Archon  
  176  12:11  Gateway  
  176  12:13  Gateway  
  169  12:27  Warp Prism  
  169  12:28  Zealot  
  169  12:29  Stalker x6, Zealot x2  
  123  12:49  Stalker x2  
  123  12:50  Stalker x2  
  97  13:04  High Templar x2  
  97  13:05  High Templar x2  
  105  13:11  Archon x2  
  103  13:13  High Templar x2  
  103  13:18  Archon  
  103  13:19  Nexus  
  106  13:24  Pylon, Assimilator  
  106  13:26  Assimilator  
  98  13:32  High Templar x2  
  92  13:34  Adept x2, Zealot x2  
  92  13:36  Archon  
Tags
 
Add a new tag
Caveats
  • Supply blocks, unpowered buildings, or Contaminate may cause inaccurate times.
  • Supply counts are checked every 10 seconds.